[Event "*** SCC Grand Prix: Titled Tuesday Blitz"]
[Site "Chess.com"]
[Date "2020.07.07"]
[Round "7"]
[White "Brave_spirit12"]
[Black "AndrewMaco"]
[Result "1-0"]
[WhiteElo "2497"]
[BlackElo "2618"]
[TimeControl "180+1"]
[EndTime "11:16:42 PDT"]
[Termination "Brave_spirit12 won on time"]

1. e4 c5 2. c3 d5 3. exd5 Qxd5 4. Nf3 Nf6 5. d4 Bg4 6. Be2 e6 7. O-O Nc6 8. Be3 cxd4 9. Nxd4 Bxe2 10. Qxe2 Be7 11.
Nd2 O-O 12. N2f3 Nxd4 13. Bxd4 b5 14. Rfd1 Qb7 15. Ne5 Rfd8 16. Rd2 Rd5 17. Rad1 Rad8 18. Qf3 a5 19. a4 Nd7 20. Qxf7+ 1-0

[Event "*** SCC Grand Prix: Titled Tuesday Blitz"]
[Site "Chess.com"]
[Date "2020.07.07"]
[Round "7"]
[White "hongnhung1234"]
[Black "luizwas"]
[Result "1-0"]
[WhiteElo "2208"]
[BlackElo "1822"]
[TimeControl "180+1"]
[EndTime "11:16:44 PDT"]
[Termination "hongnhung1234 won by resignation"]

1. e4 e6 2. d4 d5 3. Nc3 Bb4 4. e5 c5 5. a3 Bxc3+ 6. bxc3 Qc7 7. Qg4 f5 8. Qg3 cxd4 9. cxd4 Ne7 10. Bd2 Nbc6 11. Nf3 Bd7 12. Bd3 O-O 13. O-O Ng6 14.
Rac1 Qb6 15. c3 Rac8 16. Ng5 Qd8 17. Qh3 h6 18. Qh5 Be8 19. Nxe6 Qe7 20. Nxf8 Nxf8 21.
Qxf5 Bg6 22. Qxc8 Bxd3 23. Rfe1 Qxa3 24. Qxb7 Nd8 25. Qxd5+ Kh8 26. Qxd8 1-0

[Event "*** SCC Grand Prix: Titled Tuesday Blitz"]
[Site "Chess.com"]
[Date "2020.07.07"]
[Round "7"]
[White "Xeniya2005"]
[Black "Kaua18"]
[Result "1-0"]
[WhiteElo "2365"]
[BlackElo "2214"]
[TimeControl "180+1"]
[EndTime "11:16:58 PDT"]
[Termination "Xeniya2005 won by resignation"]

1. e4 c6 2. d4 d5 3. Nd2 dxe4 4.
Nxe4 Bf5 5. Ng3 Bg6 6. h4 h5 7.
Nf3 Nf6 8. Ne5 Be4 9. Nxe4 Nxe4 10. Bc4 e6 11. Qf3 Nd6 12. Bd3 Nd7 13. Bf4 Nxe5 14. dxe5 Nb5 15. O-O-O Qa5 16. Kb1 O-O-O 17. Bxb5 Rxd1+ 18. Rxd1 Qxb5 19. Bc1 Qxe5 20. Qxf7 Bc5 21. Bf4 1-0

[Event "*** SCC Grand Prix: Titled Tuesday Blitz"]
[Site "Chess.com"]
[Date "2020.07.07"]
[Round "7"]
[White "HanSchut"]
[Black "dodorox"]
[Result "1-0"]
[WhiteElo "2299"]
[BlackElo "2083"]
[TimeControl "180+1"]
[EndTime "11:17:01 PDT"]
[Termination "HanSchut won by resignation"]

1. e4 e6 2. d4 d5 3. Nd2 Nc6 4. Ngf3 Nf6 5. Bd3 dxe4 6. Nxe4 Be7 7. c3 b6 8. Qe2 Bb7 9. h4 Nxe4 10. Bxe4 Qd6 11. Ne5 Bf6 12. Bf4 Bxe5 13. Bxe5 Qd7 14. Bxg7 Rg8 15. Bf6 Ne7 16. Bxb7 1-0

[Event "*** SCC Grand Prix: Titled Tuesday Blitz"]
[Site "Chess.com"]
[Date "2020.07.07"]
[Round "7"]
[White "CroissantNeuf"]
[Black "Andrei_Belozerov"]
[Result "0-1"]
[WhiteElo "2411"]
[BlackElo "2569"]
[TimeControl "180+1"]
[EndTime "11:17:03 PDT"]
[Termination "Andrei_Belozerov won by resignation"]

1. e4 e5 2. Bc4 Nf6 3. d3 Nc6 4. Nc3 Na5 5. Bb3 Nxb3 6. axb3 d5 7. Bg5 Bb4 8. exd5 Qxd5 9. Nf3 Bg4 10. O-O Bxc3 11.
bxc3 Bxf3 12. Qxf3 Qxf3 13. gxf3 Nd5 14. c4 Nb4 15. Rac1 f6 16. Bd2 a5 17. f4 exf4 18.
Bxf4 Kd7 19. c3 Nc6 20. d4 Rhe8 21. Rfe1 b6 22. h4 Rxe1+ 23. Rxe1 a4 24. b4 a3 25. d5 Ne5 26. Bxe5 fxe5 27. Ra1 a2 28. Kf1 Ra3 29. Ke2 Rxc3 30. Rxa2 Rxc4 0-1

[Event "*** SCC Grand Prix: Titled Tuesday Blitz"]
[Site "Chess.com"]
[Date "2020.07.07"]
[Round "7"]
[White "FLamps8"]
[Black "ChessSwole"]
[Result "0-1"]
[WhiteElo "2559"]
[BlackElo "2428"]
[TimeControl "180+1"]
[EndTime "11:17:04 PDT"]
[Termination "ChessSwole won by resignation"]

1. d4 Nf6 2. Bf4 b6 3. Nc3 Bb7 4. e3 e6 5. Nf3 Bb4 6. a3 Be7 7. Bd3 O-O 8. O-O c5 9. h3 a6 10. e4 cxd4 11. Nxd4 d6 12. Be3 Nbd7 13. f4 Rc8 14. Qe2 Nc5 15. Rad1 Qc7 16. Bf2 b5 17. e5 Nd5 18. Nxd5 Bxd5 19. Qh5 g6 20. Qh6 dxe5 21.
fxe5 Qxe5 22. Nf3 Bxf3 23. gxf3 Nxd3 24. Rd2 0-1

[Event "*** SCC Grand Prix: Titled Tuesday Blitz"]
[Site "Chess.com"]
[Date "2020.07.07"]
[Round "7"]
[White "UKR_Master"]
[Black "yamalchess"]
[Result "1-0"]
[WhiteElo "2323"]
[BlackElo "2438"]
[TimeControl "180+1"]
[EndTime "11:17:04 PDT"]
[Termination "UKR_Master won by resignation"]

1. e4 e5 2. Nf3 Nc6 3. Bb5 a6 4. Ba4 Nf6 5. O-O b5 6. Bb3 Bb7 7. Re1 Bc5 8. c3 Ng4 9. Re2 d6 10. h3 Nh6 11. d4 Bb6 12. Bg5 Qd7 13. Na3 Rg8 14. Nc2 Na5 15. dxe5 Nxb3 16. axb3 Qe6 17. exd6 cxd6 18. Ncd4 Qg6 19. Nf5 Bc7 20. e5 Bxf3 21. exd6+ Bxe2 22. Qxe2+ Qe6 23. Qf3 Rc8 24. Qc6+ Kf8 25.
Be7+ 1-0

[Event "*** SCC Grand Prix: Titled Tuesday Blitz"]
[Site "Chess.com"]
[Date "2020.07.07"]
[Round "7"]
[White "Crazy_girl99"]
[Black "stoleriu"]
[Result "1-0"]
[WhiteElo "2464"]
[BlackElo "2576"]
[TimeControl "180+1"]
[EndTime "11:17:07 PDT"]
[Termination "Crazy_girl99 won by resignation"]

1. e4 e6 2. d4 d5 3. Nd2 Be7 4. Ngf3 Nf6 5. e5 Nfd7 6. Bd3 c5 7.
O-O Nc6 8. Re1 cxd4 9. Nb3 Qb6 10. Bf4 a5 11. Bf1 O-O 12. Nbxd4 Nc5 13. Rb1 Bd7 14. h4 Rac8 15. c3 f6 16. h5 fxe5 17. Nxc6 bxc6 18.
Bxe5 Ne4 19. Rxe4 dxe4 20. Qxd7 exf3 21. Qxe7 Rf7 22. Qxe6 Rf8 23. Bd4 Qc7 24. Bc4 c5 25. Be5 1-0

[Event "*** SCC Grand Prix: Titled Tuesday Blitz"]
[Site "Chess.com"]
[Date "2020.07.07"]
[Round "7"]
[White "whodee11"]
[Black "talaicito"]
[Result "1-0"]
[WhiteElo "2320"]
[BlackElo "2147"]
[TimeControl "180+1"]
[EndTime "11:17:08 PDT"]
[Termination "whodee11 won by checkmate"]

1. e4 e5 2. Bc4 Bc5 3. d3 Nc6 4. Nc3 d6 5. Na4 Nf6 6. Nxc5 dxc5 7. Bg5 Na5 8. Bb3 Nxb3 9. axb3 h6 10. Bh4 Qd6 11. Ne2 g5 12. Bg3 a6 13. Qd2 Be6 14. Qc3 Nd7 15. h4 O-O-O 16. hxg5 hxg5 17. Rxh8 Rxh8 18. O-O-O f6 19. f3 b5 20. Kb1 b4 21.
Qe1 a5 22. d4 cxd4 23. Nxd4 Nc5 24. Nf5 Qa6 25. Ne7+ Kb7 26. Nd5 Rf8 27. Bf2 Qb5 28. Qe3 Na6 29. Qa7+ Kc8 30. Ne7# 1-0

[Event "*** SCC Grand Prix: Titled Tuesday Blitz"]
[Site "Chess.com"]
[Date "2020.07.07"]
[Round "7"]
[White "PauloCesarCosta_sad"]
[Black "dianamirza"]
[Result "1-0"]
[WhiteElo "2204"]
[BlackElo "1963"]
[TimeControl "180+1"]
[EndTime "11:17:11 PDT"]
[Termination "PauloCesarCosta_sad won by resignation"]

1. Nf3 Nf6 2. c4 c5 3. g3 g6 4. Bg2 Bg7 5. O-O O-O 6. d4 Nc6 7. Nc3 cxd4 8. Nxd4 d6 9. Nxc6 bxc6 10. Bxc6 Rb8 11.
Bg2 Ba6 12. Qa4 Qc8 13. Nb5 Bxb5 14. cxb5 Qc5 15. Bc6 Nd5 16. e4 Nb6 17. Qxa7 Bd4 18. Qxe7 Nc4 19. Rb1 Ne5 20. Bh6 Nxc6 21. bxc6 Qxc6 22.
Bxf8 Rxf8 23. Rfc1 Qa4 24. Qxd6 Ba7 25. Qa3 Qd7 26.
Qf3 1-0

[Event "*** SCC Grand Prix: Titled Tuesday Blitz"]
[Site "Chess.com"]
[Date "2020.07.07"]
[Round "7"]
[White "Reader777"]
[Black "Marty435"]
[Result "1-0"]
[WhiteElo "2665"]
[BlackElo "2512"]
[TimeControl "180+1"]
[EndTime "11:17:17 PDT"]
[Termination "Reader777 won by resignation"]

1. d4 d5 2. c4 Nc6 3. cxd5 Qxd5 4. e3 e5 5. Nc3 Bb4 6. Bd2 Bxc3 7. bxc3 Nf6 8. f3 Qd6 9. Bd3 Be6 10. Ne2 O-O-O 11. O-O Rhe8 12. Rb1 Bxa2 13. Rb2 Be6 14. Qb1 b6 15.
Be1 Nd5 16. Bf2 Nf6 17. e4 Kb8 18. Rd1 Bc8 19. Bb5 Bb7 20. Rbd2 Rg8 21. Bg3 Qe7 22. Bxc6 Bxc6 23. Bxe5 Nd7 24. Bg3 f5 25. d5 Bb7 26. d6 1-0

[Event "*** SCC Grand Prix: Titled Tuesday Blitz"]
[Site "Chess.com"]
[Date "2020.07.07"]
[Round "7"]
[White "NarminSoyunlu"]
[Black "Zarinur"]
[Result "0-1"]
[WhiteElo "2050"]
[BlackElo "2043"]
[TimeControl "180+1"]
[EndTime "11:17:17 PDT"]
[Termination "Zarinur won by resignation"]

1. g3 d5 2. Bg2 Nf6 3. c4 c6 4. Nf3 Bf5 5. cxd5 cxd5 6. Qb3 Qb6 7. Qxb6 axb6 8. Nc3 e6 9. Nb5 Na6 10. d3 Bb4+ 11.
Bd2 O-O 12. O-O Bxd2 13. Nxd2 Nb4 14. a3 Nc6 15. Nd6 Nd4 16. Bf3 Bh3 17. Rfc1 Rfd8 18. Nxb7 Rd7 19. Nc5 bxc5 20. Rxc5 Rb7 21. b4 Rxb4 22.
e3 Nxf3+ 23. Nxf3 Rb3 24. Ne5 h6 25. a4 Rxa4 26. Rc8+ Kh7 0-1

[Event "*** SCC Grand Prix: Titled Tuesday Blitz"]
[Site "Chess.com"]
[Date "2020.07.07"]
[Round "7"]
[White "Fandorine"]
[Black "Kobalia"]
[Result "1-0"]
[WhiteElo "2885"]
[BlackElo "2705"]
[TimeControl "180+1"]
[EndTime "11:17:22 PDT"]
[Termination "Fandorine won by resignation"]

1. e4 c6 2. Nf3 d5 3. d3 Bg4 4. h3 Bh5 5. g4 Bg6 6. h4 h6 7. Ne5 Bh7 8. g5 Nd7 9. Nxd7 Qxd7 10.
Qe2 e6 11. Nc3 Bb4 12. Bd2 Ne7 13. Bg2 O-O-O 14. O-O-O hxg5 15. hxg5 d4 16. Na4 c5 17. Bxb4 cxb4 18. Nc5 Qc7 19. Nb3 Ng6 20. Kb1 Nf4 21. Qg4 Bg6 22. Bf3 Qe5 23. Qg3 Rxh1 24. Rxh1 Kb8 25.
Rh4 1-0

[Event "*** SCC Grand Prix: Titled Tuesday Blitz"]
[Site "Chess.com"]
[Date "2020.07.07"]
[Round "7"]
[White "goofypenguin96"]
[Black "vesalhamedinia"]
[Result "1-0"]
[WhiteElo "2394"]
[BlackElo "2214"]
[TimeControl "180+1"]
[EndTime "11:17:22 PDT"]
[Termination "goofypenguin96 won on time"]

1. e4 c5 2. Nf3 e6 3. Nc3 Nc6 4. Bb5 Nf6 5. e5 Ng4 6. Bxc6 dxc6 7. d3 h5 8. O-O Be7 9. Ne4 b6 10. Bf4 a5 11. Nd6+ Bxd6 12. exd6 Ba6 13. h3 Nf6 14. Re1 Qd7 15. Ne5 Qb7 16. Bg5 O-O-O 17. Bxf6 gxf6 18. d7+ Kb8 19. Nxf7 Qxd7 20. Nxh8 Rxh8 21. Qf3 f5 22.
Qe3 Re8 23. Qe5+ 1-0

[Event "*** SCC Grand Prix: Titled Tuesday Blitz"]
[Site "Chess.com"]
[Date "2020.07.07"]
[Round "7"]
[White "OnePeculiarConundrum"]
[Black "bmt011"]
[Result "1-0"]
[WhiteElo "2345"]
[BlackElo "2110"]
[TimeControl "180+1"]
[EndTime "11:17:24 PDT"]
[Termination "OnePeculiarConundrum won on time"]

1. e4 e6 2. d4 d5 3. e5 c5 4. c3 Nc6 5. Nf3 Qb6 6. a3 a5 7. Bd3 Bd7 8. Bc2 Nh6 9. O-O cxd4 10. cxd4 Nf5 11. Bxf5 exf5 12. Nc3 Be6 13. Na4 Qd8 14. Be3 Be7 15. Rc1 g5 16. Nc5 Bc8 17. Qb3 f4 18. Bd2 g4 19. Nxb7 Qc7 20. Nd6+ Bxd6 21. exd6 Qxd6 22. Ne5 Ra6 23. Bxf4 Qf6 24. Nxc6 Rxc6 25.
Rxc6 Qxc6 26. Rc1 Qd7 27. Qb8 O-O 28. Qe5 Qe6 29. Qg5+ Qg6 30. Qxd5 1-0

[Event "*** SCC Grand Prix: Titled Tuesday Blitz"]
[Site "Chess.com"]
[Date "2020.07.07"]
[Round "7"]
[White "jefferyx"]
[Black "JonahWillow"]
[Result "0-1"]
[WhiteElo "2893"]
[BlackElo "2705"]
[TimeControl "180+1"]
[EndTime "11:17:28 PDT"]
[Termination "JonahWillow won by resignation"]

1. Nf3 c5 2. c4 Nc6 3. d4 cxd4 4. Nxd4 g6 5. e4 Nf6 6. Be3 Nxe4 7. Nxc6 bxc6 8. Qd4 Nf6 9. Nc3 Bg7 10. Be2 O-O 11. Qd2 Qa5 12. O-O Ba6 13. Rac1 Rfd8 14. b3 d5 15. cxd5 Bxe2 16. Qxe2 cxd5 17. Nb5 e5 18. Bg5 e4 19. Nd4 Qb6 20. Be3 Qb7 21. h3 Rac8 22. Nb5 a6 23. Rxc8 Qxc8 24. Rc1 Qb7 25. Nd4 Rc8 26. Qf1 Nd7 27. Ne2 Ne5 28. Nf4 Rd8 29.
Rd1 h6 30. Qe1 g5 31. Qa5 Nc6 32. Rxd5 Nxa5 33. Rxd8+ Kh7 34. Nh5 Nc6 35. Rd6 Qc7 36. Rd5 Ne7 37. Rc5 Qd7 38. g4 Ng6 39. Rc1 Be5 0-1

[Event "*** SCC Grand Prix: Titled Tuesday Blitz"]
[Site "Chess.com"]
[Date "2020.07.07"]
[Round "7"]
[White "Mbneu"]
[Black "HouseOfDurin"]
[Result "1-0"]
[WhiteElo "2242"]
[BlackElo "2028"]
[TimeControl "180+1"]
[EndTime "11:17:29 PDT"]
[Termination "Mbneu won by checkmate"]

1. d4 Nf6 2. c4 c5 3. d5 b5 4. a4 bxc4 5. Nc3 d6 6. e4 Nbd7 7. Bxc4 g6 8. f4 Bg7 9. Nf3 O-O 10. O-O Nb6 11. Ba2 Ba6 12. Re1 Rb8 13. e5 Ne8 14. e6 fxe6 15. Ng5 Nc7 16. dxe6 d5 17. Nf7 Qc8 18. f5 gxf5 19. Nh6+ Kh8 20. Nf7+ Kg8 21.
Ng5 Rf6 22. Qh5 h6 23. Nf7 Nxe6 24. Nxh6+ Rxh6 25. Bxh6 Bxh6 26. Qxh6 Ng7 27. Rxe7 Qf8 28. Nxd5 c4 29. Nf6+ Qxf6 30. Qxf6 Rf8 31. Qxg7# 1-0

[Event "*** SCC Grand Prix: Titled Tuesday Blitz"]
[Site "Chess.com"]
[Date "2020.07.07"]
[Round "7"]
[White "Region_07"]
[Black "quesfr"]
[Result "1-0"]
[WhiteElo "2358"]
[BlackElo "2205"]
[TimeControl "180+1"]
[EndTime "11:17:31 PDT"]
[Termination "Region_07 won by resignation"]

1. d4 d5 2. Bg5 Nf6 3. Bxf6 gxf6 4. c4 e6 5. e3 c5 6. cxd5 Qxd5 7. Nc3 Qd8 8. Nf3 Nc6 9. d5 Ne5 10. Bb5+ Bd7 11. Nxe5 Bxb5 12. Nxf7 Kxf7 13. dxe6+ Kxe6 14. Qb3+ c4 15. Qxb5 Qc7 16. Qd5+ Ke7 17. O-O-O Qc6 18. Qf5 Bg7 19. Nd5+ Kf7 20. Nb4 Qe8 21. Rd7+ Kf8 1-0

[Event "*** SCC Grand Prix: Titled Tuesday Blitz"]
[Site "Chess.com"]
[Date "2020.07.07"]
[Round "7"]
[White "jacky72"]
[Black "grandemestregringo"]
[Result "0-1"]
[WhiteElo "2640"]
[BlackElo "2510"]
[TimeControl "180+1"]
[EndTime "11:17:32 PDT"]
[Termination "grandemestregringo won by resignation"]

1. d4 d5 2. c4 c6 3. cxd5 cxd5 4.
Bf4 Nc6 5. e3 Nf6 6. Nc3 e6 7.
Bd3 Be7 8. h3 O-O 9. Nf3 a6 10.
Rc1 Bd7 11. O-O Qa5 12. Bb1 Rfc8 13. Ne5 Nxe5 14. Bxe5 h6 15. Qd3 b5 16. Ne2 b4 17.
Rxc8+ Rxc8 18. Rc1 Rxc1+ 19. Nxc1 Qb6 20. Nb3 a5 21.
Nc5 Bxc5 22. Bxf6 gxf6 23. Qh7+ Kf8 24. Qxh6+ Ke7 25. dxc5 Qxc5 26. Qh7 Qc1+ 27. Kh2 Qxb2 28. Bg6 Be8 29. Bb1 Qxf2 30. Qd3 f5 31. Qd4 f4 32. Qxf4 Qxf4+ 33. exf4 a4 34. g4 Bb5 35. h4 Bc4 36. h5 Bxa2 37. Bxa2 b3 38. Bb1 a3 39. h6 Kf8 40. f5 a2 41. f6 axb1=Q 42. h7 Qxh7+ 0-1

[Event "*** SCC Grand Prix: Titled Tuesday Blitz"]
[Site "Chess.com"]
[Date "2020.07.07"]
[Round "7"]
[White "ZverevLev"]
[Black "dey2580"]
[Result "1-0"]
[WhiteElo "2359"]
[BlackElo "2554"]
[TimeControl "180+1"]
[EndTime "11:17:34 PDT"]
[Termination "ZverevLev won by resignation"]

1. e4 d5 2. exd5 Qxd5 3. Nc3 Qd6 4. d4 Nf6 5. Nf3 a6 6. Ne5 Nc6 7. Bf4 Nd5 8. Nxf7 Qxf4 9. Nxd5 Qe4+ 10. Be2 Kxf7 11.
Nxc7 Nxd4 12. Nxa8 e5 13. c3 Nc2+ 14. Kf1 Nxa1 15.
Qxa1 Bc5 16. Qd1 Be6 17. Nc7 Qf5 18. f3 Bb6 19. Nxe6 Qxe6 20. b3 Rd8 21. Qxd8 Qh6 22. Bc4+ 1-0

[Event "*** SCC Grand Prix: Titled Tuesday Blitz"]
[Site "Chess.com"]
[Date "2020.07.07"]
[Round "7"]
[White "RestartingChess"]
[Black "novendrapriasmoro"]
[Result "0-1"]
[WhiteElo "2493"]
[BlackElo "2652"]
[TimeControl "180+1"]
[EndTime "11:17:37 PDT"]
[Termination "novendrapriasmoro won by resignation"]

1. e4 c5 2. Nf3 Nc6 3. b4 cxb4 4. d4 d6 5. d5 Nb8 6. Bb2 Nf6 7. Nbd2 Nbd7 8. Bd3 g6 9. h4 Bg7 10. Rb1 a5 11. g4 h6 12. h5 g5 13. Nc4 Nc5 14. Qe2 Bxg4 15. Ne3 Bd7 16. Nd4 Nfxe4 17. Nef5 Bxf5 18.
Nxf5 Bc3+ 19. Kd1 Nxd3 20. cxd3 Bxb2 21. Qxe4 Bf6 22. Re1 Qd7 23. Rc1 a4 24. Ke2 b3 25.
axb3 axb3 26. Kf1 b2 27. Rc6 bxc6 28. dxc6 Qc7 29. Nxd6+ Qxd6 30. c7 Rc8 31. Qb7 Qxc7 0-1

[Event "*** SCC Grand Prix: Titled Tuesday Blitz"]
[Site "Chess.com"]
[Date "2020.07.07"]
[Round "7"]
[White "Infernal_XaM"]
[Black "Onischuk_V"]
[Result "1-0"]
[WhiteElo "2954"]
[BlackElo "2889"]
[TimeControl "180+1"]
[EndTime "11:17:38 PDT"]
[Termination "Infernal_XaM won by resignation"]

1. e4 d6 2. d4 Nf6 3. f3 e5 4.
d5 c6 5. c4 Be7 6. Nc3 O-O 7.
Be3 a6 8. Qd2 cxd5 9. cxd5 b5 10. g4 Nbd7 11. Nge2 Nc5 12. Ng3 b4 13. Nd1 a5 14.
Nf2 Nfd7 15. Nf5 Re8 16. h4 Bf8 17. h5 Qb6 18. Be2 Ba6 19. O-O Bxe2 20. Qxe2 g6 21. hxg6 hxg6 22. Nh6+ Kg7 23. g5 Be7 24. Nfg4 Rh8 25.
f4 exf4 26. Rxf4 Raf8 27. Raf1 f6 28. gxf6+ Nxf6 29. Bd4 Qd8 30. Nxf6 Rxf6 31. Rxf6 1-0

[Event "*** SCC Grand Prix: Titled Tuesday Blitz"]
[Site "Chess.com"]
[Date "2020.07.07"]
[Round "7"]
[White "Gerodot71"]
[Black "thedjoker98"]
[Result "1-0"]
[WhiteElo "2397"]
[BlackElo "2498"]
[TimeControl "180+1"]
[EndTime "11:17:38 PDT"]
[Termination "Gerodot71 won by resignation"]

1. d4 d5 2. c4 c6 3. Nf3 Nf6 4. Nc3 dxc4 5. e3 b5 6. a4 b4 7.
Nb1 Ba6 8. Ne5 Qd5 9. Be2 Nbd7 10. Bf3 Qd6 11. Nxc6 Bb7 12. Nxe7 Bxe7 13. Bxb7 Rb8 14. Bf3 O-O 15. O-O Rfc8 16. Qc2 Nb6 17. a5 Nbd5 18.
e4 b3 19. Qd1 c3 20. exd5 c2 21. Qd3 cxb1=Q 22. Rxb1 Nxd5 23. Bd2 Bf6 24. g3 Ne7 25.
Bc3 Nd5 26. Rfc1 Rd8 27. Rd1 Qc7 28. Bxd5 Rxd5 29. Qe4 Qd7 30. Rd3 Bd8 31. Re1 Bxa5 32.
Bxa5 Rxa5 33. Rxb3 Rd8 34. Rb7 Qd6 35. Qe8+ Rxe8 36.
Rxe8+ Qf8 37. Rbb8 1-0

[Event "*** SCC Grand Prix: Titled Tuesday Blitz"]
[Site "Chess.com"]
[Date "2020.07.07"]
[Round "7"]
[White "CyberdelChess"]
[Black "Lenyas66"]
[Result "0-1"]
[WhiteElo "2257"]
[BlackElo "2476"]
[TimeControl "180+1"]
[EndTime "11:17:40 PDT"]
[Termination "Lenyas66 won by resignation"]

1. e4 e6 2. d4 d5 3. Nc3 Nf6 4.
e5 Nfd7 5. f4 c5 6. Nf3 Nc6 7.
Be3 h6 8. Qd2 g5 9. fxg5 cxd4 10. Nxd4 Ndxe5 11. gxh6 Bxh6 12. Bxh6 Qh4+ 13. Qf2 Qxf2+ 14.
Kxf2 Rxh6 15. Nxc6 bxc6 16. Be2 Ke7 17. h4 Rb8 18. b3 Rb4 19. g3 f5 20. Na4 Kd6 21. Rad1 c5 22. Rhe1 Bd7 23. Nb2 Rd4 24. Nd3 Nxd3+ 25.
Bxd3 e5 26. c3 Rg4 27. Bc4 d4 28. cxd4 cxd4 29. Be2 Re4 30. Bf3 Rxe1 31. Kxe1 Be6 32. Kf2 Rh7 33. Rc1 e4 34. Be2 Bd5 35. Rd1 Ke5 36. Rc1 e3+ 37. Kg1 Rg7 38. Kh2 f4 39. gxf4+ Kxf4 40. Rf1+ Ke5 41. Bd3 Rg2+ 42. Kh3 Rxa2 43.
b4 Bg2+ 0-1

[Event "*** SCC Grand Prix: Titled Tuesday Blitz"]
[Site "Chess.com"]
[Date "2020.07.07"]
[Round "7"]
[White "Gareth-Bale11"]
[Black "Artem_Koval"]
[Result "1-0"]
[WhiteElo "2728"]
[BlackElo "2434"]
[TimeControl "180+1"]
[EndTime "11:17:41 PDT"]
[Termination "Gareth-Bale11 won on time"]

1. c4 e5 2. Nc3 Nc6 3. g3 d6 4. Bg2 h5 5. h3 Be6 6. d3 g6 7. Nf3 Be7 8. Nd5 f6 9. Rb1 a5 10. a3 Qd7 11. b4 axb4 12. axb4 Nh6 13. b5 Nd8 14. Nh4 Kf7 15. Be4 f5 16. Bg2 Bxh4 17.
gxh4 f4 18. e3 Nf5 19. exf4 Nxh4 20. Be4 Bxh3 21. fxe5 Ng2+ 22. Kd2 Ra2+ 23. Rb2 Ra1 24. Qf3+ Bf5 25. Qxg2 dxe5 26. Bxf5 Qxf5 27. Rh3 1-0

[Event "*** SCC Grand Prix: Titled Tuesday Blitz"]
[Site "Chess.com"]
[Date "2020.07.07"]
[Round "7"]
[White "vladislavkovalev"]
[Black "Durarbayli"]
[Result "1-0"]
[WhiteElo "2938"]
[BlackElo "2804"]
[TimeControl "180+1"]
[EndTime "11:17:42 PDT"]
[Termination "vladislavkovalev won by resignation"]

1. e4 c5 2. Be2 e6 3. d3 d5 4. c3 Nc6 5. f4 c4 6. e5 cxd3 7.
Bxd3 g5 8. Nf3 gxf4 9. Bxf4 Qb6 10. Qe2 Nge7 11. Be3 Qc7 12. O-O Ng6 13. Nbd2 Bg7 14. Rae1 Ncxe5 15. Nxe5 Bxe5 16. Nf3 Bd7 17. Nxe5 Nxe5 18.
Bd4 Nxd3 19. Qxd3 Rf8 20. Bf6 Qb6+ 21. Rf2 Rc8 22. Qxd5 Rc5 23. Qd4 Rb5 24. Qf4 Rxb2 25. Qb8+ 1-0

[Event "*** SCC Grand Prix: Titled Tuesday Blitz"]
[Site "Chess.com"]
[Date "2020.07.07"]
[Round "7"]
[White "ShapkinAnatoliy"]
[Black "Bodnar_Mykola"]
[Result "1-0"]
[WhiteElo "2593"]
[BlackElo "2450"]
[TimeControl "180+1"]
[EndTime "11:17:42 PDT"]
[Termination "ShapkinAnatoliy won by resignation"]

1. d4 Nf6 2. c4 c5 3. d5 b5 4. cxb5 a6 5. bxa6 g6 6. Nc3 Bg7 7. e4 O-O 8. Nf3 Qa5 9. Bd2 Bxa6 10. Be2 d6 11. O-O Bxe2 12. Qxe2 Qa6 13. Qxa6 Nxa6 14. Rab1 Rfb8 15. b3 Rb4 16. Rfe1 Rab8 17. e5 Nd7 18. exd6 exd6 19. Ne4 R4b6 20. Bf4 Ne5 21. Nxe5 dxe5 22.
Be3 Bf8 23. Rec1 Rb5 24. d6 Rd8 25. a4 Rb4 26. Nxc5 Rxd6 27. Nxa6 Rxa6 28. Rc8 Raxa4 29. Bh6 1-0

[Event "*** SCC Grand Prix: Titled Tuesday Blitz"]
[Site "Chess.com"]
[Date "2020.07.07"]
[Round "7"]
[White "stanyga"]
[Black "Future2700"]
[Result "1-0"]
[WhiteElo "2617"]
[BlackElo "2422"]
[TimeControl "180+1"]
[EndTime "11:17:42 PDT"]
[Termination "stanyga won on time"]

1. e4 c5 2. Nf3 e6 3. b3 Nf6 4. e5 Nd5 5. Bb2 Nc6 6. g3 Be7 7. Bg2 O-O 8. O-O d6 9. exd6 Bxd6 10. Na3 a6 11. Nc4 Bc7 12. Re1 f6 13. d4 b5 14.
Ne3 cxd4 15. Nxd4 Nxd4 16. Nxd5 exd5 17. Qxd4 Bb7 18. Qd3 Qd7 19. Rad1 Rad8 20. Be4 h6 21. Bf5 Qc6 22. Be6+ Kh8 23. Qg6 Qe8 24. Qg4 Bc8 25. Bxc8 1-0

[Event "*** SCC Grand Prix: Titled Tuesday Blitz"]
[Site "Chess.com"]
[Date "2020.07.07"]
[Round "7"]
[White "ega2006"]
[Black "poppy73"]
[Result "1-0"]
[WhiteElo "2357"]
[BlackElo "2212"]
[TimeControl "180+1"]
[EndTime "11:17:42 PDT"]
[Termination "ega2006 won by resignation"]

1. e4 c5 2. Nc3 a6 3. g3 b5 4. Bg2 Bb7 5. d3 e6 6. f4 d5 7. e5 h5 8. h3 Ne7 9. Be3 Nbc6 10. Bxc5 Nf5 11. Bxf8 Kxf8 12. Nge2 Ne3 13. Qd2 Nxg2+ 14. Kf2 d4 15. Ne4 Ne3 16. c3 Nf5 17. g4 Qh4+ 18. Kf3 hxg4+ 19. hxg4 Qxh1+ 20. Rxh1 Rxh1 21. gxf5 exf5 22. Nd6 Nxe5+ 23. Kg3 Nf3 24. Qc2 Bd5 25. c4 bxc4 26.
dxc4 Bc6 27. Qxf5 Ra7 28. Qc8+ Ke7 29. Qxc6 Nh4 30. Nc8+ Kd8 31. Nxa7 Nf5+ 32. Kg2 Re1 33.
Qd5+ Ke7 34. Qxf5 Rxe2+ 35. Kf3 Rxb2 36. Qe5+ 1-0

[Event "*** SCC Grand Prix: Titled Tuesday Blitz"]
[Site "Chess.com"]
[Date "2020.07.07"]
[Round "7"]
[White "NowInChess"]
[Black "KyrgyzFighter"]
[Result "0-1"]
[WhiteElo "2154"]
[BlackElo "2319"]
[TimeControl "180+1"]
[EndTime "11:17:42 PDT"]
[Termination "KyrgyzFighter won on time"]

1. e4 e6 2. d3 d5 3. Qe2 dxe4 4. dxe4 Nf6 5. Nf3 Bc5 6. Be3 Nxe4 7. Bxc5 Nxc5 8. Qb5+ Nbd7 9. Nc3 O-O 10. O-O-O a6 11.
Qc4 b5 12. Qd4 Bb7 13. b4 e5 14. Qd2 e4 15. Ne1 Qf6 16. bxc5 Nxc5 17. Qd4 Qe7 18. Qe3 b4 19. Nd5 Qe5 20. Qxc5 Bxd5 21. Rxd5 Qa1+ 22.
Kd2 Rad8 23. Bc4 Qc3+ 24. Kc1 c6 25. Rxd8 Rxd8 26. Nd3 exd3 27. Bxf7+ Kxf7 28. Qf5+ Kg8 29. Qe6+ Kh8 0-1

[Event "*** SCC Grand Prix: Titled Tuesday Blitz"]
[Site "Chess.com"]
[Date "2020.07.07"]
[Round "7"]
[White "LaPorfia"]
[Black "GustavoJuarezF"]
[Result "1-0"]
[WhiteElo "2221"]
[BlackElo "2001"]
[TimeControl "180+1"]
[EndTime "11:17:45 PDT"]
[Termination "LaPorfia won on time"]

1. d4 d6 2. Nf3 g6 3. e4 Bg7 4. Nc3 Nf6 5. h3 O-O 6. Be3 c6 7. a4 d5 8. e5 Ne4 9. Bd3 Nxc3 10. bxc3 f6 11. Qd2 f5 12. Bh6 e6 13. h4 Qe7 14.
Bxg7 Qxg7 15. h5 b6 16. hxg6 hxg6 17. Ke2 Ba6 18. Ng5 Bxd3+ 19. cxd3 Re8 20. Rh7 Nd7 21.
Rah1 Nf8 22. Rxg7+ Kxg7 23. Qf4 c5 24. Qh4 1-0

[Event "*** SCC Grand Prix: Titled Tuesday Blitz"]
[Site "Chess.com"]
[Date "2020.07.07"]
[Round "7"]
[White "Guenplen"]
[Black "AnishOnYoutube"]
[Result "0-1"]
[WhiteElo "2894"]
[BlackElo "2795"]
[TimeControl "180+1"]
[EndTime "11:17:46 PDT"]
[Termination "AnishOnYoutube won by resignation"]

1. d4 Nf6 2. Bf4 d5 3. e3 Bf5 4.
c4 e6 5. Nc3 Bb4 6. Bd3 Bxd3 7.
Qxd3 O-O 8. Nf3 c5 9. O-O cxd4 10.
Nxd4 dxc4 11. Qxc4 Bxc3 12. Qxc3 Nd5 13. Qc4 Nxf4 14.
exf4 Qb6 15. Rfd1 Rd8 16. Nb3 Nc6 17. g3 h6 18. Qc5 Rxd1+ 19. Rxd1 Rd8 20. Rc1 Qa6 21.
a3 Qe2 22. Qc2 Qf3 23. Qc3 Rd3 24. Qc2 Rxb3 25. Rd1 Rxb2 0-1